Cogmind - Beta 14 @@@ ROGUE MODE // 2024.09.07 @ 18:19:41 Player: THN-L0C Result: Destroyed by X-77 Beamer with Gatling Laser Performance ------------- Evolutions (6) 3000 Regions Visited (15) 3000 Robots Destroyed (187) 935 Value Destroyed (6960) 6960 Prototype IDs (46) 920 Alien Tech Used (0) 0 Bonus (1868) 1868 TOTAL SCORE: 16683 Bonus ------- High Alert Combat Kills 498 Follower Combat Kills 1803 Network Hubs Disabled 200 Delivered SUBCON Basin 2000 Registered with UFD 300 Met Data Miner 300 Built Enhanced Grunts 300 A7 Reached Mainframe 300 Met R17 at Cetus 500 Friendly Fire -4333 Cogmind --------- Core Integrity 0/1150 Matter 205/300 Energy 98/100 System Corruption 5% Temperature Cool (18) Movement Core (50) Location -4/Factory Parts ------- > --- POWER (2) -------- (None) > --- PROPULSION (4) --- (None) > --- UTILITY (10) ----- (None) > --- WEAPON (3) ------- (None) > --- INVENTORY (5) ---- Quantum Reactor Advanced Cryofiber Web Advanced Salvage Targeting Computer Improved Plasma Cutter Botcube Peak State ------------ > --- POWER ------------ Particle Reactor Quantum Reactor > --- PROPULSION ------- Overtuned Huge Scrapsphere Overtuned Huge Scrapsphere > --- UTILITY ---------- Advanced Cryofiber Web Improved Cooling System Advanced Cooling System High-capacity Storage Unit Improved Target Analyzer Improved Weapon Cycler Centrium Medium Armor Plating Graphene Brace Force Field Improved System Shield > --- WEAPON ----------- Advanced Variable Charge Gun Advanced KE Penetrator Advanced KE Penetrator > --- INVENTORY -------- Quantum Reactor Overtuned Huge Scrapsphere Advanced Heat Sink Matter Compressor Improved Medium Armor Plating Force Field Dynamic Insulation System Wave Gun Advanced Variable Charge Gun Advanced Variable Charge Gun Quantum Rifle Matter Neutralizer Advanced KE Penetrator Improved Plasma Cutter Molecular Deconstructor Botcube [Rating: 132] Favorites ----------- Power Light Angular Momentum Engine Engine Light Angular Momentum Engine Power Core Micro Fission Core Reactor Quantum Reactor Propulsion Light Treads Treads Light Treads Wheel Overtuned Scrapsphere Utility Improved Target Analyzer Device Scrap Suit Storage High-capacity Storage Unit Processor Improved Target Analyzer Hackware Improved System Shield Protection Light Regenerative Plating Weapon Impact Mace Energy Gun Advanced Variable Charge Gun Energy Cannon Powered Cannon Ballistic Gun Advanced KE Penetrator Ballistic Cannon Bore Cannon Launcher Rocket Launcher Special Weapon Mining Laser Impact Weapon Impact Mace Slashing Weapon Ripper Build | -11 -10 -10 -8 -8 -6 -6 -6 -6 -5 -5 -5 -5 -5 -5 -4 ------- Run | Yrd Mat Sub Rec Scr Fac Low Low Dat Pro Fac Ext Cet Arc Hub Fac Slots Evolved 12 | . . . . . 8 . . . . 2 . . . . 2 Power 1 | . . . . . 1 . . . . . . . . . . Propulsion 2 | . . . . . . . . . . . . . . . 2 Utility 8 | . . . . . 6 . . . . 2 . . . . . Weapon 1 | . . . . . 1 . . . . . . . . . . Parts Attached 275 | 7 13 37 1 3 63 11 9 3 12 22 23 8 17 12 34 Power 31 | 1 1 3 . . 9 . . . 1 3 4 3 1 1 4 Engine 12 | 1 1 2 . . 2 . . . . 1 4 1 . . . Core 9 | . . 1 . . 6 . . . 1 1 . . . . . Reactor 10 | . . . . . 1 . . . . 1 . 2 1 1 4 Propulsion 22 | 2 1 8 . 1 6 . . . 1 1 . . . . 2 Treads 10 | 2 . 5 . 1 2 . . . . . . . . . . Leg . | . . . . . . . . . . . . . . . . Wheel 12 | . 1 3 . . 4 . . . 1 1 . . . . 2 Hover . | . . . . . . . . . . . . . . . . Flight . | . . . . . . . . . . . . . . . . Utility 109 | 2 3 13 . 2 27 4 5 1 5 10 7 2 4 9 15 Device 64 | 1 . 7 . . 18 2 5 1 4 6 2 . 3 5 10 Storage 7 | 1 2 1 . 1 2 . . . . . . . . . . Processor 10 | . . . . 1 5 . . . . 1 1 . . . 2 Hackware 4 | . . . . . . . . . . 2 . . . 2 . Protection 24 | . 1 5 . . 2 2 . . 1 1 4 2 1 2 3 Artifact . | . . . . . . . . . . . . . . . . Weapon 113 | 2 8 13 1 . 21 7 4 2 5 8 12 3 12 2 13 Energy Gun 37 | 2 2 3 . . 6 . 1 . . . 6 1 7 . 9 Energy Cannon 10 | . . 3 . . 4 1 1 . . . 1 . . . . Ballistic Gun 26 | . 5 2 . . 1 1 . 1 . 2 2 2 4 2 4 Ballistic Cannon 4 | . . 1 1 . 2 . . . . . . . . . . Launcher 7 | . 1 1 . . 2 . . 1 2 . . . . . . Special Weapon 13 | . . 2 . . 1 2 . . 1 4 3 . . . . Impact Weapon 15 | . . 1 . . 5 3 2 . 2 2 . . . . . Slashing Weapon 1 | . . . . . . . . . . . . . 1 . . Piercing Weapon . | . . . . . . . . . . . . . . . . Special Melee Weapon . | . . . . . . . . . . . . . . . . Unidentified Prototypes 12 | . . . . . 2 . . . 1 1 3 3 . . 2 Corrupted Parts 4 | . . . . . . . . . . . . . 4 . . System Corruption 16 | . . . . . . . . . . . . . 16 . . Parts Lost 48 | . . 4 . . 6 . 2 . 6 6 1 1 . 3 19 Power 12 | . . 1 . . 2 . . . 2 1 1 1 . 1 3 Propulsion 4 | . . 1 . . 1 . . . 1 . . . . . 1 Utility 20 | . . 2 . . 3 . 1 . . 4 . . . 2 8 Weapon 12 | . . . . . . . 1 . 3 1 . . . . 7 Highest Loss Streak 6 | . . 3 . . 3 . 2 . 4 3 1 1 . 2 6 To Critical Strikes 1 | . . 1 . . . . . . . . . . . . . Average Slot Usage (%) 91 | . 99 99 100 100 92 93 90 88 79 82 79 77 81 83 84 Engine 6 | . 14 6 14 14 6 . . . . . 10 8 . . . Core 3 | . . 7 . . 4 13 13 13 7 6 5 2 . . . Reactor 1 | . . . . . . . . . . 1 . 5 11 11 9 Treads 10 | . 20 22 14 27 4 . . . . . . . . . . Wheel 6 | . 7 4 14 . 8 13 13 13 12 7 5 5 5 5 9 Device 15 | . 5 11 14 10 12 12 14 20 19 18 22 22 24 13 25 Storage 9 | . 14 14 14 14 6 6 6 6 6 5 5 5 5 5 4 Processor 9 | . . . . 3 25 22 20 20 20 15 8 5 5 5 8 Protection 3 | . 8 2 . . 1 3 4 . . 3 8 11 9 10 4 Energy Gun 5 | . 7 9 8 . 10 6 1 . . 3 3 . 9 7 8 Energy Cannon 2 | . . 4 . . 1 2 5 6 1 . 4 5 . . . Ballistic Gun 3 | . 18 6 . . . 3 3 2 1 3 2 4 5 8 4 Ballistic Cannon 3 | . . . 5 14 1 . . . . . . . . . . Launcher 1 | . 1 5 . . . . . . 2 . . . . . . Impact Weapon 4 | . . . 14 14 5 5 5 6 5 4 . . . . . Peak Build Rating 132 | 7 14 42 42 30 77 77 77 78 83 103 111 116 116 115 132 Average Rating 62 | 5 11 25 40 25 71 75 75 76 70 90 105 110 112 113 121 On Entrance 65 | . 7 12 42 24 30 77 75 76 73 74 103 104 116 113 115 Naked Turns 13 | . . . . . . . . . . . . . . . 13 Heaviest Build 131 | 13 97 103 102 102 86 71 73 77 77 83 108 131 131 120 120 Greatest Support 44 | 40 40 40 20 40 44 16 16 16 16 20 20 20 20 20 40 Greatest Overweight (x) 38 | . 6 5 5 5 9 4 4 4 7 8 5 6 6 5 38 Average Overweight (x) 3 | . 2 1 4 1 3 4 4 4 3 3 4 5 5 5 4 Largest Inventory Capacity 25 | 8 25 25 25 25 20 20 20 20 20 20 20 20 20 20 20 Average Capacity 18 | 7 19 18 25 16 19 20 20 20 20 20 20 20 20 20 19 Most Carried 25 | 2 25 25 25 15 20 20 20 20 20 20 20 20 20 20 20 Average Carried 17 | . 15 17 23 11 19 19 20 19 18 19 19 19 19 19 16 Final Capacity 25 | 8 15 25 25 15 20 20 20 20 20 20 20 20 20 20 5 Final Carried 25 | 2 15 25 11 15 20 20 20 19 20 19 20 20 20 17 5 Class Distribution -------------------- 47% | Mutant 19% | Scavenger-Scrapper 12% | Scavenger-Gunner 7% | Commander-Gunner 4% | Scavenger-Mutant Dominant Class ---------------- Mutant | -10/Materials Mutant | -10/Subcaves Mutant | -8/Recycling Mutant | -8/Scraptown Scavenger-Scrapper | -6/Factory Scavenger-Scrapper | -6/Lower Caves Scavenger-Scrapper | -6/Lower Caves Mutant | -6/Data Miner Mutant | -5/Proximity Caves Scavenger-Mutant | -5/Factory Scavenger-Gunner | -5/Extension Commander-Gunner | -5/Cetus Scavenger-Gunner | -5/Archives Scavenger-Gunner | -5/Hub_04(d) Scavenger-Tank | -4/Factory Resources | -11 -10 -10 -8 -8 -6 -6 -6 -6 -5 -5 -5 -5 -5 -5 -4 ----------- Run | Yrd Mat Sub Rec Scr Fac Low Low Dat Pro Fac Ext Cet Arc Hub Fac Matter Collected 8139 | 270 527 873 27 92 1280 110 140 . 317 617 2360 178 230 582 536 Remotely . | . . . . . . . . . . . . . . . . Salvage Created 8231 | 173 233 475 . . 1116 44 292 . 196 934 1246 80 689 1178 1575 Parts 353 | 16 20 28 . . 44 . 12 . 17 42 37 3 31 48 55 Haulers Intercepted 2 | . . . . . . . . . . . . . . 2 . Recyclers Shooed 6 | . 1 . . . . . . . . 5 . . . . . Parts Field Recycled . | . . . . . . . . . . . . . . . . Retrieved Matter . | . . . . . . . . . . . . . . . . Parts Self-Destructed 34 | . . 16 . . . . 9 . 9 . . . . . . Prevented 1 | . . . . . . . . . 1 . . . . . . Kills | -11 -10 -10 -8 -8 -6 -6 -6 -6 -5 -5 -5 -5 -5 -5 -4 ------- Run | Yrd Mat Sub Rec Scr Fac Low Low Dat Pro Fac Ext Cet Arc Hub Fac Combat Hostiles Destroyed 123 | . 10 20 . . 20 . 5 . 14 8 14 1 2 7 22 Melee 4 | . . . . . 1 . . . 1 2 . . . . . Guns 61 | . 4 6 . . 6 . 3 . 1 6 6 . 2 7 20 Cannons 10 | . . . . . 3 . 2 . . . 5 . . . . AOE 40 | . 6 13 . . 7 . . . 12 . . . . . 2 Classes Destroyed 22 | 2 5 2 . . 4 1 2 . . 1 1 . 1 2 1 Worker 9 | . 1 . . . . . . . . 3 . . . 5 . Builder 16 | . 1 . . . 10 . . . . 2 1 . . 2 . Tunneler 7 | 5 . . . . . . . . . . . . . 2 . Hauler 2 | . . . . . . . . . . . . . . 2 . Recycler 9 | 1 . . . . 2 . . . . 1 2 . . 3 . Mechanic 1 | . . . . . 1 . . . . . . . . . . Operator 10 | . 1 . . . . . . . . . . . 9 . . Watcher 4 | . . . . . 1 . . . . . 2 . . . 1 Swarmer 31 | . 6 4 . . 9 . . . 9 . 2 . . 1 . Grunt 34 | . 4 . . . 3 . 2 . 4 5 3 . . 3 10 Brawler 1 | . . . . . . . 1 . . . . . . . . Duelist 2 | . . . . . . . . . . . . . . . 2 Sentry 14 | . . . . . 3 . . . . . 5 . 2 . 4 Specialist 1 | . . . . . . . . . . . . . . 1 . Hunter 6 | . . . . . . . 2 . . . 2 . . 2 . Programmer 14 | . . . . . 5 . . . 1 2 1 . . . 5 Behemoth 1 | . . . . . . . . . . . . . . . 1 Cetus Guard 1 | . . . . . . . . . . . . 1 . . . Cobbler 1 | . . 1 . . . . . . . . . . . . . Subdweller 16 | . . 16 . . . . . . . . . . . . . Scrapoid 4 | . . . . . . . . . . 4 . . . . . Samaritan 1 | . . . . . . 1 . . . . . . . . . Thug 2 | . . . . . . . . . . . . . 2 . . Butcher 2 | . . . . . . . . . . . 1 . 1 . . Mutant 1 | . . . . . . . . . . . . . 1 . . Best Kill Streak 18 | 3 7 6 . . 9 . 3 . 9 9 4 1 2 18 5 Combat Bots Only 9 | . 6 6 . . 4 . 3 . 9 7 4 1 2 3 5 Max Kills in Single Turn 11 | 1 2 3 . . 3 1 1 . 6 2 2 1 1 11 2 Gunslinging 1 | . . . . . . . . . . . . . . 1 . Exploded 6 | . 2 3 . . 3 . . . 6 . . . . . 2 Melee 1 | . . . . . 1 . . . 1 1 . . . . . Uniques/NPCs Destroyed . | . . . . . . . . . . . . . . . . Combat | -11 -10 -10 -8 -8 -6 -6 -6 -6 -5 -5 -5 -5 -5 -5 -4 -------- Run | Yrd Mat Sub Rec Scr Fac Low Low Dat Pro Fac Ext Cet Arc Hub Fac Hostile Shots Fired 975 | . 25 76 . . 186 . 48 . 66 66 48 27 7 90 336 Missed 317 | . 6 27 . . 61 . 12 . 28 16 17 7 4 26 113 Damage Taken 13847 | . 232 1063 . . 1828 . 504 . 748 984 711 499 83 1908 5287 Core 2395 | . 15 211 . . 224 . 131 . 148 64 90 51 . 302 1159 Absorbed by Shields 1051 | . . . . . . . . . . 53 . 84 . 289 625 Redirected to Shielding 103 | . . . . . . . 103 . . . . . . . . Regen/Repaired (Parts) 900 | . . . . . 135 . 30 . . 115 263 44 4 29 280 Core Remaining (%) 49 | 100 . . . 9 . . . . 40 . . . . 49 . Volleys Fired 748 | 12 26 122 9 . 88 1 144 . 18 20 55 17 77 33 126 Largest 3 | 2 2 2 1 . 3 1 3 . 2 2 3 2 3 3 3 Hottest 568 | 90 95 108 57 . 250 90 140 . 69 65 201 201 188 240 568 Shots Fired 1113 | 24 43 138 9 . 120 1 172 . 21 35 111 26 115 73 225 Gun 770 | 24 37 89 . . 62 . 30 . 5 31 69 17 108 73 225 Cannon 277 | . . 22 9 . 53 1 142 . 1 . 33 9 7 . . Launcher 43 | . 6 19 . . 3 . . . 15 . . . . . . Special 23 | . . 8 . . 2 . . . . 4 9 . . . . Kinetic 350 | . 33 36 9 . 20 . 15 . 2 31 32 7 13 65 87 Thermal 689 | 12 2 83 . . 95 1 157 . 1 . 71 19 102 8 138 Explosive 43 | . 6 19 . . 3 . . . 15 . . . . . . Electromagnetic 17 | 12 2 . . . . . . . 3 . . . . . . Robot Hit Streak 22 | 4 13 22 3 . 11 . 4 . 4 5 19 5 10 5 20 Robot Miss Streak 5 | 3 3 1 . . 3 . 2 . 4 2 5 1 3 4 4 Penetration Max 2 | . . . . . . . . . . 2 2 . . 1 1 Secondary Targets 11 | . . 2 . . . . . . . 2 1 . . 2 4 Max Gunslinging Chain 1 | . . 1 . . . . . . . 1 1 . . 1 1 Shots Hit Robots 607 | 11 22 64 2 . 65 1 25 . 11 32 77 19 72 41 165 Core Hits 300 | 7 17 39 . . 36 . 11 . 25 16 30 6 26 30 57 Critical Kills 25 | . . . . . 2 . 2 . 1 1 5 1 3 8 2 Critical Parts Destroyed 30 | . . . . . 5 . . . . 6 6 . . 3 10 Critical Strikes 83 | . . . . . 16 . 2 . 1 7 17 5 5 11 19 Burn 21 | . . . . . 9 . . . . . 6 3 . . 3 Meltdown 3 | . . . . . . . . . . . 2 1 . . . Destroy 46 | . . . . . 1 . 2 . . 3 9 1 3 11 16 Smash 11 | . . . . . 6 . . . 1 4 . . . . . Sever 2 | . . . . . . . . . . . . . 2 . . Melee Attacks 137 | . . 2 1 . 58 6 25 . 24 13 . . 8 . . Impact 129 | . . 2 1 . 58 6 25 . 24 13 . . . . . Slashing 8 | . . . . . . . . . . . . . 8 . . Piercing . | . . . . . . . . . . . . . . . . Sneak Attacks 25 | . . . . . 9 1 . . . 7 . . 8 . . Combat Hostiles . | . . . . . . . . . . . . . . . . Follow-up Attacks . | . . . . . . . . . . . . . . . . Damage Inflicted 25599 | 167 821 2901 27 . 2920 57 554 . 1771 1889 2848 792 2711 2588 5553 Guns 13710 | 167 287 767 . . 890 . 323 . 38 886 1453 351 1847 1456 5245 Cannons 2617 | . . 26 27 . 208 . 231 . 29 . 1395 441 260 . . Explosions 6293 | . 534 2108 . . 625 . . . 1586 . . . . 1132 308 Melee 2979 | . . . . . 1197 57 . . 118 1003 . . 604 . . Ramming . | . . . . . . . . . . . . . . . . Kinetic 6032 | . 252 412 27 . 148 . 162 . 16 886 767 141 132 1345 1744 Thermal 10594 | 100 . 381 . . 1065 . 392 . 29 . 2081 651 1975 111 3809 Explosive 4738 | . 534 2108 . . 510 . . . 1586 . . . . . . Electromagnetic 1256 | 67 35 . . . . . . . 22 . . . . 1132 . Impact 2375 | . . . . . 1197 57 . . 118 1003 . . . . . Slashing 604 | . . . . . . . . . . . . . 604 . . Piercing . | . . . . . . . . . . . . . . . . Highest Corruption 7 | . . . . . 3 3 . . . . . . 7 3 5 Average Corruption 1 | . . . . . 1 2 . . . . . . 2 1 2 Corruption Purged 19 | . . . . . . 3 . . . . . . 16 . . Corruption Blocked . | . . . . . . . . . . . . . . . . Effects 48 | . . . . . 24 . . . . . . . 4 . 20 Message Errors 16 | . . . . . 7 . . . . . . . 1 . 8 Matter Fused 12 | . . . . . 5 . . . . . . . 1 . 6 Heat Flow Errors 7 | . . . . . 3 . . . . . . . 1 . 3 Energy Discharges 7 | . . . . . 5 . . . . . . . 1 . 1 Parts Fused 1 | . . . . . . . . . . . . . . . 1 Data Loss (minor) 2 | . . . . . 1 . . . . . . . . . 1 Data Loss (major) 1 | . . . . . 1 . . . . . . . . . . Misfires 2 | . . . . . 2 . . . . . . . . . . Overload Shots 32 | . . . . . 1 1 5 . . . 1 1 . 1 22 Effects 1 | . . . . . . . . . . . . 1 . . . Heat Surge 1 | . . . . . . . . . . . . 1 . . . Overflow Damage 1996 | . 45 . . . 828 52 . . 53 796 105 . 80 12 25 Projectiles 105 | . . . . . . . . . . . 105 . . . . Explosions 113 | . 45 . . . . . . . 31 . . . . 12 25 Melee 1778 | . . . . . 828 52 . . 22 796 . . 80 . . Knockbacks 5 | . . . . . 2 . . . . 3 . . . . . Impact 5 | . . . . . 2 . . . . 3 . . . . . Kinetic . | . . . . . . . . . . . . . . . . Secondary . | . . . . . . . . . . . . . . . . Self-Inflicted Damage 555 | . 47 28 . . 117 . . . 51 . . . . 71 241 Shots 10 | . 1 2 . . 2 . . . 1 . . . . 1 3 Rammed . | . . . . . . . . . . . . . . . . Targets Rammed . | . . . . . . . . . . . . . . . . Kicked . | . . . . . . . . . . . . . . . . Crushed . | . . . . . . . . . . . . . . . . Highest Temperature 549 | 120 40 248 80 . 395 32 193 . 172 139 164 186 195 549 525 Average Temperature 88 | 50 18 32 29 . 101 17 79 . 89 70 60 92 91 122 140 Received Heat Transfer 2246 | . 48 320 . . 363 . 114 . 258 267 138 31 18 107 582 Effects 19 | . . . . . 5 . . . . . . . . 6 8 Shutdowns 7 | . . . . . 2 . . . . . . . . 1 4 Energy Bleed 4 | . . . . . 2 . . . . . . . . . 2 Interference 3 | . . . . . 1 . . . . . . . . . 2 Matter Decay 4 | . . . . . . . . . . . . . . 4 . Damage (minor) 1 | . . . . . . . . . . . . . . 1 . Siege Activations . | . . . . . . . . . . . . . . . . Robots Corrupted 10 | . . . . . 5 1 . . . 4 . . . . . Combat Hostiles . | . . . . . . . . . . . . . . . . Parts Fried 29 | . . . . . 14 1 . . . 5 . 1 . 8 . Impact Corruptions 50 | . . . . . 26 7 . . 1 16 . . . . . Robots Melted 7 | . . . . . 3 . . . . . 3 1 . . . Combat Hostiles 7 | . . . . . 3 . . . . . 3 1 . . . Parts Melted 48 | . . . . . 27 . 1 . . . 7 1 3 . 9 Heat Transferred 13567 | 296 . 666 . . 3187 . 646 . 37 . 1443 498 2192 148 4454 Parts Sabotaged . | . . . . . . . . . . . . . . . . Parts Stolen . | . . . . . . . . . . . . . . . . Parts Stripped . | . . . . . . . . . . . . . . . . Power Chain Reactions . | . . . . . . . . . . . . . . . . Alert | -11 -10 -10 -8 -8 -6 -6 -6 -6 -5 -5 -5 -5 -5 -5 -4 ------- Run | Yrd Mat Sub Rec Scr Fac Low Low Dat Pro Fac Ext Cet Arc Hub Fac Peak Influence 1071 | 30 257 . 88 . 411 . . . . 256 539 449 274 1071 836 Initial 504 | . 19 . 88 . . . . . . 113 123 220 99 . 504 Average 194 | 13 85 . 54 . 97 . . . . 133 312 337 77 344 528 Maximum Alert Level 3 | . 1 . . . 2 . . . . 1 2 2 1 3 3 Low Security (%) 60 | 100 95 . 100 . 78 . . . . 74 30 . 83 46 . Level 1 20 | . 4 . . . 20 . . . . 25 29 71 16 25 8 Level 2 17 | . . . . . . . . . . . 39 28 . 10 76 Level 3 1 | . . . . . . . . . . . . . . 17 15 Level 4 . | . . . . . . . . . . . . . . . . Level 5 . | . . . . . . . . . . . . . . . . High Security . | . . . . . . . . . . . . . . . . Max Security . | . . . . . . . . . . . . . . . . Squads Dispatched 33 | . 2 . . . 11 . . . . 3 2 . . 8 7 Investigation 9 | . 1 . . . 4 . . . . 2 1 . . . 1 Extermination 9 | . . . . . 5 . . . . 1 . . . . 3 Reinforcement 10 | . 1 . . . 2 . . . . . 1 . . 6 . Assault 5 | . . . . . . . . . . . . . . 2 3 Garrison . | . . . . . . . . . . . . . . . . Intercept . | . . . . . . . . . . . . . . . . Searches Triggered . | . . . . . . . . . . . . . . . . Data Miner Redirects 3 | . . . . . . . . . . 2 . . . . 1 Construction Impeded 2 | . . . . . 1 . . . . . . . . 1 . Haulers Reinforced 1 | . . . . . . . . . . . . . . 1 . Active Scanning Responses . | . . . . . . . . . . . . . . . . Cargo Convoy Interrupts 2 | . . . . . 1 . . . . . . . . . 1 Stealth | -11 -10 -10 -8 -8 -6 -6 -6 -6 -5 -5 -5 -5 -5 -5 -4 --------- Run | Yrd Mat Sub Rec Scr Fac Low Low Dat Pro Fac Ext Cet Arc Hub Fac Distress Signals 12 | . 2 . . . 1 . . . . . 3 2 . 3 1 Communications Jammed . | . . . . . . . . . . . . . . . . Distress Signals . | . . . . . . . . . . . . . . . . Times Spotted 277 | . 14 39 . . 39 . 7 . 15 14 31 10 30 23 55 Peak Tracking Total 22 | . 4 7 . . 6 . 3 . 9 8 5 5 2 8 22 Tactical Retreats 15 | . . 5 . . 5 . 2 . 1 . 1 . . . 1 Traps | -11 -10 -10 -8 -8 -6 -6 -6 -6 -5 -5 -5 -5 -5 -5 -4 ------- Run | Yrd Mat Sub Rec Scr Fac Low Low Dat Pro Fac Ext Cet Arc Hub Fac Traps Triggered 10 | . 1 1 . . 1 . . . . . 5 . . . 2 Indirectly . | . . . . . . . . . . . . . . . . Trap Hack Attempts . | . . . . . . . . . . . . . . . . Triggered . | . . . . . . . . . . . . . . . . Disarmed . | . . . . . . . . . . . . . . . . Reprogrammed . | . . . . . . . . . . . . . . . . Reused . | . . . . . . . . . . . . . . . . Traps Extracted . | . . . . . . . . . . . . . . . . Installed . | . . . . . . . . . . . . . . . . Triggered 2 | . . 1 . . 1 . . . . . . . . . . Machines | -11 -10 -10 -8 -8 -6 -6 -6 -6 -5 -5 -5 -5 -5 -5 -4 ---------- Run | Yrd Mat Sub Rec Scr Fac Low Low Dat Pro Fac Ext Cet Arc Hub Fac Machines Disabled 38 | . 1 1 1 . 3 1 . . 1 1 2 . 3 15 9 Max in Single Turn 6 | . 1 1 1 . 2 1 . . 1 1 1 . 1 6 5 Garrison Access 2 | . . . . . 2 . . . . . . . . . . Network Hub 1 | . . . . . . . . . . . . . . 1 . Machines Repaired . | . . . . . . . . . . . . . . . . Machines Dismantled 2 | . . . . . . 1 . . . . 1 . . . . Machines Sabotaged . | . . . . . . . . . . . . . . . . Overloaded Fab Kills . | . . . . . . . . . . . . . . . . Hacking | -11 -10 -10 -8 -8 -6 -6 -6 -6 -5 -5 -5 -5 -5 -5 -4 --------- Run | Yrd Mat Sub Rec Scr Fac Low Low Dat Pro Fac Ext Cet Arc Hub Fac Machines Accessed 55 | . 7 4 2 1 16 . . 4 . 4 6 3 . 3 5 Terminals 29 | . 6 . 1 . 6 . . . . 2 6 3 . 3 2 Fabricators 2 | . . . . . 1 . . . . 1 . . . . . Repair Stations 5 | . . . . . 3 . . . . . . . . . 2 Recycling Units 4 | . 1 . . . 2 . . . . 1 . . . . . Scanalyzers 2 | . . . . . 2 . . . . . . . . . . Garrison Access 3 | . . . . . 2 . . . . . . . . . 1 Total Hacks 187 | . 20 15 8 8 42 . . 31 . 7 14 6 . 15 21 Successful 122 | . 11 15 7 8 23 . . 31 . 3 6 2 . 10 6 Failed 65 | . 9 . 1 . 19 . . . . 4 8 4 . 5 15 Catastrophic 13 | . 1 . . . 2 . . . . 2 2 1 . . 5 Database Lockouts . | . . . . . . . . . . . . . . . . Manual 63 | . 13 . 2 . 17 . . . 1 2 12 1 . 10 5 Terminals 78 | . 17 . 3 . 16 . . . . 2 14 6 . 15 5 Fabricators 4 | . . . . . 1 . . . . 3 . . . . . Repair Stations 23 | . . . . . 10 . . . . . . . . . 13 Recycling Units 11 | . 3 . . . 6 . . . . 2 . . . . . Scanalyzers 6 | . . . . . 6 . . . . . . . . . . Garrison Access 6 | . . . . . 3 . . . . . . . . . 3 Terminal Hacks 75 | . 4 15 6 8 2 . . 31 . . . 2 . 7 . Record 31 | . . 12 5 . . . . 11 . . . 1 . 2 . Part Schematic 13 | . . . . . . . . 13 . . . . . . . Robot Schematic 4 | . . . . . . . . 4 . . . . . . . Robot Analysis 9 | . 1 . . 8 . . . . . . . . . . . Prototype ID Bank 5 | . 1 . 1 . . . . 3 . . . . . . . Open Door 2 | . . 1 . . . . . . . . . 1 . . . Level Access Points 1 | . . . . . . . . . . . . . . 1 . Alert Level 3 | . . . . . 1 . . . . . . . . 2 . Unreport Threat 2 | . . . . . . . . . . . . . . 2 . Locate Traps 1 | . . . . . 1 . . . . . . . . . . Hauler Manifests 1 | . 1 . . . . . . . . . . . . . . Zone Layout 1 | . 1 . . . . . . . . . . . . . . Derelict Proto ID Bank 1 | . . 1 . . . . . . . . . . . . . Release Object 1 | . . 1 . . . . . . . . . . . . . Fabricator Hacks 3 | . . . . . 1 . . . . 2 . . . . . Load Schematic 2 | . . . . . 1 . . . . 1 . . . . . Build 1 | . . . . . . . . . . 1 . . . . . Repair Station Hacks 10 | . . . . . 5 . . . . . . . . . 5 Scan Component 6 | . . . . . 3 . . . . . . . . . 3 Repair 4 | . . . . . 2 . . . . . . . . . 2 Recycling Unit Hacks 1 | . 1 . . . . . . . . . . . . . . Retrieve Components 1 | . 1 . . . . . . . . . . . . . . Scanalyzer 6 | . . . . . 6 . . . . . . . . . . Insert Component 3 | . . . . . 3 . . . . . . . . . . Analyze 3 | . . . . . 3 . . . . . . . . . . Garrison Access Hacks 2 | . . . . . 2 . . . . . . . . . . Seal Access 2 | . . . . . 2 . . . . . . . . . . Unauthorized Hacks 24 | . 6 . 1 . 7 . . . . 1 6 . . 2 1 Terminals 21 | . 6 . 1 . 5 . . . . . 6 . . 2 1 Botnet 4 | . 1 . . . . . . . . . 2 . . 1 . Skim 17 | . 5 . 1 . 5 . . . . . 4 . . 1 1 Fabricators . | . . . . . . . . . . . . . . . . Repair Stations 3 | . . . . . 2 . . . . 1 . . . . . Recycling Units . | . . . . . . . . . . . . . . . . Scrapoids 3 | . . . . . 2 . . . . 1 . . . . . Scanalyzers . | . . . . . . . . . . . . . . . . Garrison Access . | . . . . . . . . . . . . . . . . Data Cores Recovered 1 | . 1 . . . . . . . . . . . . . . Used . | . . . . . . . . . . . . . . . . Hacking Detections 37 | . 6 . . . 12 . . . . 3 6 3 . 3 4 Full Trace Events 4 | . . . . . 1 . . . . 1 1 . . . 1 Feedback Events . | . . . . . . . . . . . . . . . . Feedback Blocked . | . . . . . . . . . . . . . . . . Robot Schematics Acquired 4 | . . . . . . . . 4 . . . . . . . Robots Built . | . . . . . . . . . . . . . . . . Authchips . | . . . . . . . . . . . . . . . . Time . | . . . . . . . . . . . . . . . . Total Robot Build Rating . | . . . . . . . . . . . . . . . . Part Schematics Acquired 42 | . . . . 2 21 . 4 13 . 1 1 . . . . Parts Built 1 | . . . . . . . . . . 1 . . . . . Authchips . | . . . . . . . . . . . . . . . . Time 152 | . . . . . . . . . . 152 . . . . . Total Part Build Rating 5 | . . . . . . . . . . 5 . . . . . Parts Repaired 3 | . . . . . 2 . . . . . . . . . 1 Time 311 | . . . . . 88 . . . . . . . . . 223 Parts Recycled . | . . . . . . . . . . . . . . . . Recycled Matter . | . . . . . . . . . . . . . . . . Retrieved Matter . | . . . . . . . . . . . . . . . . Retrieved Components 3 | . 3 . . . . . . . . . . . . . . Parts Scanalyzed 3 | . . . . . 3 . . . . . . . . . . Part Schematics Acquired 3 | . . . . . 3 . . . . . . . . . . Parts Damaged . | . . . . . . . . . . . . . . . . Bothacking | -11 -10 -10 -8 -8 -6 -6 -6 -6 -5 -5 -5 -5 -5 -5 -4 ------------ Run | Yrd Mat Sub Rec Scr Fac Low Low Dat Pro Fac Ext Cet Arc Hub Fac Used RIF Installer . | . . . . . . . . . . . . . . . . Robots Hacked 2 | . . . . . . . . . . 1 1 . . . . Non-combat . | . . . . . . . . . . . . . . . . Combat 1 | . . . . . . . . . . 1 . . . . . Robot Hacks Applied 1 | . . . . . . . . . . 1 . . . . . parse_system 1 | . . . . . . . . . . 1 . . . . . Manual 1 | . . . . . . . . . . . 1 . . . . Relay Couplers Released . | . . . . . . . . . . . . . . . . Fabnet Peak Effective % . | . . . . . . . . . . . . . . . . Robots Rewired 9 | . . . . . . . . . . . 9 . . . . Allies Hacked . | . . . . . . . . . . . . . . . . Hacks Repelled . | . . . . . . . . . . . . . . . . Allies | -11 -10 -10 -8 -8 -6 -6 -6 -6 -5 -5 -5 -5 -5 -5 -4 -------- Run | Yrd Mat Sub Rec Scr Fac Low Low Dat Pro Fac Ext Cet Arc Hub Fac Total Allies 44 | . . . . . 10 . . . . 5 23 5 1 . . Largest Group 16 | . . . . . 5 . . . . 5 16 15 13 7 . Highest-Rated Group 950 | . . . . . 143 . . . . 235 660 950 919 659 . Highest-Rated Ally 159 | . . . . . 31 . . . . 47 159 159 143 99 . Total Orders 10 | . . . . . 2 . . . . . 1 2 5 . . STAY 4 | . . . . . 1 . . . . . 1 1 1 . . FOLLOW 6 | . . . . . 1 . . . . . . 1 4 . . Ally Attacks 320 | . . . . . 38 . . . . 27 104 56 23 72 . Total Damage 7893 | . . . . . 702 . . . . 510 1834 1391 770 2686 . Kills 59 | . . . . . 6 . . . . 5 17 10 2 19 . Allies Corrupted 5 | . . . . . . . . . . 2 . . . 3 . Allies Melted 1 | . . . . . . . . . . . 1 . . . . Intel | -11 -10 -10 -8 -8 -6 -6 -6 -6 -5 -5 -5 -5 -5 -5 -4 ------- Run | Yrd Mat Sub Rec Scr Fac Low Low Dat Pro Fac Ext Cet Arc Hub Fac Robot Analysis Total 9 | . 1 . . 8 . . . . . . . . . . . Derelict Logs Recovered 4 | . . . . 3 . . . . 1 . . . . . . Drone Launches . | . . . . . . . . . . . . . . . . Drone Recoveries . | . . . . . . . . . . . . . . . . Exploration | -11 -10 -10 -8 -8 -6 -6 -6 -6 -5 -5 -5 -5 -5 -5 -4 ------------- Run | Yrd Mat Sub Rec Scr Fac Low Low Dat Pro Fac Ext Cet Arc Hub Fac Turns Passed 29457 | 158 1370 4512 715 5711 4268 601 1762 141 1715 743 3033 557 2309 310 1552 Spaces Moved 14962 | 70 692 1882 187 2282 2326 423 841 116 990 474 2162 329 1348 165 675 Core 37 | 4 . . . . . . . . . . . . . . 33 Treads 3754 | 66 293 931 . 2047 417 . . . . . . . . . . Legs . | . . . . . . . . . . . . . . . . Wheels 11171 | . 399 951 187 235 1909 423 841 116 990 474 2162 329 1348 165 642 Hover . | . . . . . . . . . . . . . . . . Flight . | . . . . . . . . . . . . . . . . Fastest Speed 50 | 50 130 115 150 160 110 110 110 110 100 100 100 120 120 120 50 Average Speed 150 | 153 178 179 157 245 136 110 110 110 102 102 115 124 129 120 137 Slowest Speed 1950 | 160 320 340 160 340 250 110 110 110 140 150 120 130 130 120 1950 Overloaded Moves . | . . . . . . . . . . . . . . . . Propulsion Burnouts . | . . . . . . . . . . . . . . . . Robots Hopped . | . . . . . . . . . . . . . . . . Cave-ins Triggered . | . . . . . . . . . . . . . . . . Exploration Rate (%) 59 | 6 95 63 32 89 45 62 69 75 89 8 94 80 96 32 22 Regions Visited 15 Branch Regions 11 Pre-discovered Areas 3 | . 2 . . . . . . 1 . . . . . . . Known Exits Taken 11 | . 1 1 1 1 1 1 1 1 1 1 . . . 1 . Unknown Exits Taken 4 | 1 . . . . . . . . . . 1 1 1 . . Scrap Searched 15 | . . 8 . 3 . 2 1 . 1 . . . . . . Spaces Dug 186 | . . 13 8 . 70 5 55 . 21 8 1 . . 4 1 Terrain Destroyed 847 | . 25 118 9 . 105 5 124 . 130 13 23 1 17 196 81 Melee 100 | . . 2 1 . 44 4 25 . 21 3 . . . . . Projectile 257 | . . 12 8 . 33 1 99 . . 10 23 1 17 19 34 AOE 489 | . 25 104 . . 28 . . . 109 . . . . 176 47 Terrain Rammed . | . . . . . . . . . . . . . . . . Walls Destroyed . | . . . . . . . . . . . . . . . . Machines Disabled . | . . . . . . . . . . . . . . . . Actions | -11 -10 -10 -8 -8 -6 -6 -6 -6 -5 -5 -5 -5 -5 -5 -4 --------- Run | Yrd Mat Sub Rec Scr Fac Low Low Dat Pro Fac Ext Cet Arc Hub Fac Total 20697 | 93 791 2860 598 2387 3226 536 1482 128 1630 675 2625 471 1826 230 1139 Wait 4149 | 3 20 785 395 83 621 79 464 10 580 118 263 90 349 15 274 Move 14947 | 69 691 1881 186 2281 2325 422 840 115 989 473 2161 328 1347 164 675 Hop . | . . . . . . . . . . . . . . . . Pick Up 178 | 2 26 11 3 13 35 2 . . 3 8 18 14 14 3 26 Fast Attach 41 | 7 . 4 . . 11 . 1 . 2 6 2 . 4 . 4 Attach 59 | . 2 4 . . 10 1 . 1 3 6 6 1 1 6 18 Detach 21 | . . 2 . . 3 1 . . 2 4 6 . 1 2 . Swap 175 | . 11 29 1 3 42 10 8 2 7 10 15 7 12 6 12 Drop 140 | . 15 20 3 6 33 3 . . 2 9 17 14 13 1 4 Fire 748 | 12 26 122 9 . 88 1 144 . 18 20 55 17 77 33 126 Melee 137 | . . 2 1 . 58 6 25 . 24 13 . . 8 . . Ram . | . . . . . . . . . . . . . . . . Kick . | . . . . . . . . . . . . . . . . Crush . | . . . . . . . . . . . . . . . . Escape Stasis 44 | . . . . . . . . . . . 44 . . . . Rewire 34 | . . . . 1 . 3 . . . . 30 . . . . Trap . | . . . . . . . . . . . . . . . . Miscellaneous 24 | . . . . . . 8 . . . 8 8 . . . . Route ------- -11/Scrapyard -10/Materials (discovered 5 exits: *Mat x3 / *Min / *Sub) -10/Subcaves (discovered 3 exits: *Mat x2 / *Rec) -8/Recycling (discovered 2 exits: Fac / *Scr) -8/Scraptown (discovered 2 exits: *Fac x2) -6/Factory -6/Lower Caves -6/Lower Caves -6/Data Miner -5/Proximity Caves -5/Factory (discovered 4 exits: Fac / Upp / *Ext x2) -5/Extension (discovered 3 exits: *Fac x2 / *Cet) -5/Cetus (discovered 2 exits: *Fac / *Arc) -5/Archives (discovered 3 exits: *Fac / *Hub x2) -5/Hub_04(d) (discovered 4 exits: *Fac x4) -4/Factory (discovered 1 exit: *Res) History --------- Turn | Location | Event 10 | -11/Scrapyard | Discovered new exit (range 14) 159 | -11/Scrapyard | Entered Materials 303 | -10/Materials | Build established: Mutant 330 | -10/Materials | Discovered new exit (range 14) 917 | -10/Materials | Discovered new exit (range 6) 959 | -10/Materials | Derelicts attacked the area 1032 | -10/Materials | Identified exit to Mines 1077 | -10/Materials | Identified exit to Subcaves 1112 | -10/Materials | Learned location of 2 exits from Subcaves 1135 | -10/Materials | Learned location of 1 exit from Recycling 1149 | -10/Materials | Identified exit to Materials 1154 | -10/Materials | Learned 4 Recycling zone layouts 1168 | -10/Materials | Learned Storage emergency access door positions 1529 | -10/Materials | Entered Subcaves 1530 | -10/Subcaves | Identified exit to Materials 1531 | -10/Subcaves | Identified exit to Recycling 1576 | -10/Subcaves | Shifting Twisted Machinery released Battle Rifle 1585 | -10/Subcaves | Shifting Twisted Machinery released Battle Rifle 1850 | -10/Subcaves | Ambushed by swarm of Subdwellers 1852 | -10/Subcaves | Ambushed by Subdwellers from Twisted Machinery 1903 | -10/Subcaves | Lost 3 allies 1940 | -10/Subcaves | A swath of the cavern ceiling suddenly collapsed 2385 | -10/Subcaves | Visited Clippyterm 2389 | -10/Subcaves | Learned Factory emergency access door positions 2456 | -10/Subcaves | Visited 4L-MR0's lab 2477 | -10/Subcaves | Found Powered Cannon 2514 | -10/Subcaves | Shifting Twisted Machinery released Mak. Hammer 2518 | -10/Subcaves | Shifting Twisted Machinery released Sub. Monowheel 3244 | -10/Subcaves | A Subdweller sparked back to life 3246 | -10/Subcaves | Ambushed by Subdweller buried in earth 3446 | -10/Subcaves | Shifting Twisted Machinery released Sub. Beam Cannon 3514 | -10/Subcaves | Shifting Twisted Machinery released Barrage Gun 3838 | -10/Subcaves | Curiously followed by a Cobbler waking with a query about "LVR3C" 4134 | -10/Subcaves | Ambushed by Subdweller buried in earth 4155 | -10/Subcaves | Core integrity fell below 50% 4176 | -10/Subcaves | Lost 3 parts (1p1n1u) 4700 | -10/Subcaves | Found SUBCON Basin 6003 | -10/Subcaves | Core integrity fell below 20% 6041 | -10/Subcaves | Entered Recycling 6042 | -8/Recycling | Identified exit to Factory 6043 | -8/Recycling | Identified exit to Scraptown 6646 | -8/Recycling | Scanned before Scraplab entrance 6670 | -8/Recycling | Entered Scraplab 6756 | -8/Recycling | Entered Scraptown 6825 | -8/Scraptown | Heard Great Nut preacher, LISTEN AND RECITE! 6947 | -8/Scraptown | Visited UFD Registry 6947 | -8/Scraptown | Registered with UFD as "Iondisc" 6969 | -8/Scraptown | Visited TADAMA 7044 | -8/Scraptown | Scanned Subdweller tech in exchange for log data 7048 | -8/Scraptown | Learned Research security intel 7525 | -8/Scraptown | Delivered Scrap Shield to a Scientist 7798 | -8/Scraptown | Visited Chapter 10 7958 | -8/Scraptown | Visited Research Penetration Think Tank 8046 | -8/Scraptown | Visited Infowarlord's Domain 8096 | -8/Scraptown | Visited Botcube Research 8151 | -8/Scraptown | Visited Observation Area 8311 | -8/Scraptown | Visited Scrapoid Research Area 8366 | -8/Scraptown | Visited Science Testing Area 8421 | -8/Scraptown | Visited Analyses Database 8987 | -8/Scraptown | Visited Supply Room 9044 | -8/Scraptown | Visited SPCMW 9079 | -8/Scraptown | Visited Assassins FH 9624 | -8/Scraptown | Visited Red Mages 9905 | -8/Scraptown | Guru changed UFD alias to "Fluxunit" 9972 | -8/Scraptown | Discovered exit to Factory (range 13) 11675 | -8/Scraptown | Found Exp. Sensor Array 11756 | -8/Scraptown | Found Botcube 12455 | -8/Scraptown | Discovered exit to Factory (range 3) 12467 | -8/Scraptown | Entered Factory 12467 | -6/Factory | Evolved 8 slots: Power x1, Utility x6, Weapon x1 12936 | -6/Factory | Build established: Assassin 13845 | -6/Factory | Cargo convoy interrupted 14056 | -6/Factory | Scrapoid reinforcements arrived 14106 | -6/Factory | Found Scrap Suit 14145 | -6/Factory | Lost 4 allies 14157 | -6/Factory | Found Scrap Suit 14163 | -6/Factory | Lost 3 parts (1p1n1u) 14209 | -6/Factory | Tech Extrapolator generated special schematic: Machine Rigger 14506 | -6/Factory | Build established: Scavenger-Scrapper 14677 | -6/Factory | Tech Extrapolator generated special schematic: Energy Deflector 14868 | -6/Factory | Repaired Ovr. Scrapsphere 15802 | -6/Factory | Repaired Thermic Laser? 16191 | -6/Factory | Learned Hub_04(d) trap positions 16222 | -6/Factory | Learned 2 Extension zone layouts 16244 | -6/Factory | Learned 2 Hub_04(d) zone layouts 16258 | -6/Factory | Learned Factory emergency access door positions 16261 | -6/Factory | Learned Factory emergency access door positions 16262 | -6/Factory | Identified exit to Lower Caves 16263 | -6/Factory | Learned 2 Extension zone layouts 16270 | -6/Factory | Learned 2 Proximity Caves zone layouts 16285 | -6/Factory | Learned Hub_04(d) trap positions 16372 | -6/Factory | Scrapoid reinforcements arrived 16637 | -6/Factory | Found Scrap Suit 16657 | -6/Factory | Lost 5 allies 16735 | -6/Factory | Entered Lower Caves 16737 | -6/Lower Caves | UFD Scientist delivered a prototype 16778 | -6/Lower Caves | Found Prototype Protection 16981 | -6/Lower Caves | Found Prototype Device 17322 | -6/Lower Caves | Discovered new exit (range 5) 17326 | -6/Lower Caves | Identified exit to Lower Caves 17336 | -6/Lower Caves | Entered another Lower Caves area 18632 | -6/Lower Caves | Spotted B-75 Beast 18930 | -6/Lower Caves | Discovered new exit (range 14) 18939 | -6/Lower Caves | Build established: Mutant 18943 | -6/Lower Caves | Identified exit to Data Miner 19098 | -6/Lower Caves | Entered Data Miner 19098 | -6/Data Miner | Discovered new exit (range 6) 19119 | -6/Data Miner | Met Data Miner 19151 | -6/Data Miner | Learned location of Section 7 (-2) 19151 | -6/Data Miner | Acquired the access code to Warlord's prototype stash 19169 | -6/Data Miner | Received God Mode back door access code from Data Miner 19227 | -6/Data Miner | Identified exit to Proximity Caves 19239 | -6/Data Miner | Entered Proximity Caves 19240 | -5/Proximity Caves | Identified exit to Factory 19468 | -5/Proximity Caves | Received a Behemoth hack from an annoying Tinkerer 19476 | -5/Proximity Caves | Build established: Scavenger-Scrapper 19609 | -5/Proximity Caves | Core integrity fell below 50% 19647 | -5/Proximity Caves | Lost 4 parts (1p1n2w) 19725 | -5/Proximity Caves | Learned location of 2 exits from Factory 19908 | -5/Proximity Caves | Build established: Mutant 20190 | -5/Proximity Caves | Acquired the password to a Derelict Tinkerer's latest research 20198 | -5/Proximity Caves | Found Prototype Special Weapon 20198 | -5/Proximity Caves | Identified Molecular Deconstructor 20773 | -5/Proximity Caves | Caught by Unaware searching for contraband prototypes 20908 | -5/Proximity Caves | Destroyed 9 combat bots 20954 | -5/Proximity Caves | Entered Factory 20954 | -5/Factory | Evolved 2 slots: Utility x2 20955 | -5/Factory | Identified exit to Upper Caves 20955 | -5/Factory | Identified exit to Extension 20956 | -5/Factory | Identified exit to Factory 21049 | -5/Factory | Incoming investigation squad redirected 21070 | -5/Factory | Build established: Scavenger-Mutant 21183 | -5/Factory | Fabricated Lgt. Regenerative Plating (x1) 21279 | -5/Factory | Scrapoids reinforcements arrived? 21284 | -5/Factory | Incoming investigation squad redirected 21328 | -5/Factory | Found Scrap Suit 21435 | -5/Factory | Murdered 3 allies 21443 | -5/Factory | Found Scrap Suit 21562 | -5/Factory | Lost 3 parts (1p2u) 21564 | -5/Factory | Destroyed 7 combat bots 21695 | -5/Factory | Build established: Scavenger-Scrapper 21697 | -5/Factory | Entered Extension 21880 | -5/Extension | Rescued a captive Derelict 21881 | -5/Extension | Rescued a captive Derelict 22038 | -5/Extension | Attached Powered Cannon, gained temporary slot: Power 22299 | -5/Extension | Rescued a captive Derelict 22300 | -5/Extension | Rescued a captive Derelict 22355 | -5/Extension | Rescued a captive Derelict 22406 | -5/Extension | Rescued a captive Derelict 22521 | -5/Extension | Build established: Scavenger-Gunner 22676 | -5/Extension | Spotted B-75 Beast 22682 | -5/Extension | Befriended a Behemoth using the annoying Tinkerer's hack 22693 | -5/Extension | Spotted B-75 Beast 22702 | -5/Extension | Allies destroyed B-75 Beast 22745 | -5/Extension | Discovered exit to Factory (range 2) 22858 | -5/Extension | Discovered new exit (range 16) 22859 | -5/Extension | Discovered exit to Factory (range 15) 22970 | -5/Extension | Rescued a captive Derelict 22971 | -5/Extension | Rescued a captive Derelict 23013 | -5/Extension | Rescued a captive Derelict 23013 | -5/Extension | Rescued a captive Derelict 23313 | -5/Extension | Rescued A7 23540 | -5/Extension | Botcube activated 23556 | -5/Extension | Botcube completed mutation into legged form, armed with 1 gun. 23587 | -5/Extension | Identified Heart of Steel 23874 | -5/Extension | Build established: Commander-Gunner 24492 | -5/Extension | Heart of Steel transformed into Warbot 24507 | -5/Extension | Identified Enh. Scrap Shield 24730 | -5/Extension | Entered Cetus 24730 | -5/Cetus | Accompanied by 15 allies (incl. A7, Warbot) 24735 | -5/Cetus | Acquired a Cetus Manufacturing Module code from A7 24747 | -5/Cetus | Spotted Cetus Guard 24747 | -5/Cetus | Spotted Cetus Guard 24749 | -5/Cetus | Spotted Cetus Guard 24749 | -5/Cetus | Spotted Cetus Guard 24765 | -5/Cetus | Allies destroyed Cetus Guard 24770 | -5/Cetus | Allies destroyed Cetus Guard 24775 | -5/Cetus | Allies destroyed Cetus Guard 24776 | -5/Cetus | Allies destroyed Cetus Guard 24898 | -5/Cetus | Escorted A7 to Cetus Mainframe 24912 | -5/Cetus | Started Cetus Manufacturing Module 24927 | -5/Cetus | Discovered new exit (range 15) 24937 | -5/Cetus | Manufactured an Enhanced Grunt 24960 | -5/Cetus | Spotted Cetus Guard 24961 | -5/Cetus | Spotted Cetus Guard 24962 | -5/Cetus | Manufactured an Enhanced Grunt 24965 | -5/Cetus | Spotted Cetus Guard 24968 | -5/Cetus | Allies destroyed Cetus Guard 24968 | -5/Cetus | Spotted Cetus Guard 24969 | -5/Cetus | Destroyed Cetus Guard 24972 | -5/Cetus | Allies destroyed Cetus Guard 24975 | -5/Cetus | Allies destroyed Cetus Guard 24985 | -5/Cetus | Discovered exit to Factory (range 15) 24987 | -5/Cetus | Manufactured an Enhanced Grunt 24992 | -5/Cetus | Met Revision 17 25003 | -5/Cetus | Lost 4 allies 25012 | -5/Cetus | Manufactured an Enhanced Grunt 25037 | -5/Cetus | Manufactured an Enhanced Grunt 25287 | -5/Cetus | Entered Archives 25287 | -5/Archives | Accompanied by 13 allies (incl. A7, Warbot) 25292 | -5/Archives | Received a hacking code to weaken MAIN.C 25343 | -5/Archives | Unable to access archive contents 25366 | -5/Archives | Discovered new exit (range 15) 25427 | -5/Archives | Discovered exit to Factory (range 15) 25471 | -5/Archives | Discovered new exit (range 13) 25593 | -5/Archives | Unable to access archive contents 26273 | -5/Archives | Build established: Scavenger-Gunner 26933 | -5/Archives | Murdered Mutated Botcube 27458 | -5/Archives | Botcube activated 27478 | -5/Archives | Botcube completed mutation into treaded form, armed with 1 special weapon. 27596 | -5/Archives | Entered Hub_04(d) 27596 | -5/Hub_04(d) | Accompanied by 7 allies (Warbot) 27598 | -5/Hub_04(d) | Loaded intel: 13 trap records 27786 | -5/Hub_04(d) | Lost 3 allies 27853 | -5/Hub_04(d) | Network Hub disabled 27860 | -5/Hub_04(d) | Spotted Lightning 27869 | -5/Hub_04(d) | Spotted Lightning 27873 | -5/Hub_04(d) | Spotted Lightning 27892 | -5/Hub_04(d) | Found Botcube 27896 | -5/Hub_04(d) | First assault squad dispatched 27898 | -5/Hub_04(d) | Core integrity fell below 50% 27906 | -5/Hub_04(d) | Entered Factory 27906 | -4/Factory | Evolved 2 slots: Propulsion x2 27908 | -4/Factory | Lost 3 allies 28020 | -4/Factory | Repaired Adv. KE Penetrator 28113 | -4/Factory | Spotted B-86 Titan 28212 | -4/Factory | Destroyed B-86 Titan 28218 | -4/Factory | Lost 4 parts (3u1w) 28264 | -4/Factory | Discovered new exit (range 16) 28464 | -4/Factory | Build established: Scavenger-Tank 28607 | -4/Factory | Identified exit to Research 28656 | -4/Factory | First assault squad dispatched 28794 | -4/Factory | Incoming assault squad redirected 28833 | -4/Factory | Lost 3 parts (1n2w) 29096 | -4/Factory | Build established: Scavenger-Gunner 29161 | -4/Factory | Core integrity fell below 50% 29288 | -4/Factory | Lost 6 parts (1p3u2w) 29445 | -4/Factory | Released all parts (15) 29446 | -4/Factory | Core integrity fell below 20% 29456 | -4/Factory | Cargo convoy interrupted 29456 | -4/Factory | Spotted Striker 29458 | -4/Factory | Destroyed by X-77 Beamer with Gatling Laser Last Messages --------------- 29445_ Corrupted Molecular Deconstructor crushed and broken. 29446_ K-01 Serf collects debris. 29447_ M-36 Artificer repairs L-61 Swordsman. 29447_ Acquired Imp. Plasma Cutter. 29447_ K-01 Serf collects debris. 29449_ M-36 Artificer repairs Unknown Leg. 29452_ Z6UBSAJQGXS8FZ1H XT4E:EZ&KN>V%JFEI>,0AOF 29453_ Subcomponent Replicator disabled. 29455_ Acquired Botcube. 29455_ C-30 ARC bursts open, deploying its payload. 29455_ X-82 Rainmaker unfolds itself. 29455_ H-77 Assassin unfolds itself. 29455_ I-47 Archangel unfolds itself. 29456_ ALERT: Cargo convoy interrupted, initiating access lockdown. 29456_ Dropped Quantum Reactor. 29456_ C-30 ARC bursts open, deploying its payload. 29456_ P-70 Sage unfolds itself. 29456_ X-77 Beamer unfolds itself. 29456_ Acquired Quantum Reactor. 29457_ Slug penetrates Subcomponent Replicator. Map ----- +----------------------------------------------------+ | ?????????????????????????????????????????????????? | | ?????????????????????????????????????????????????? | | ?????????????????????????????????????????????????? | | ?????????????????????????????????????????????????? | | ?????????????????????????????????????????????????? | | ?????????????????????????????????????????????????? | | #????????????????????????????H???????????????????? | | #????????????????????????????????????????????????? | | #????????????????????????????????????????????????? | | #????????????????????????????????????????????????? | | #????????????????????????????????????????????????? | | #????????????????????????????????????????????????? | | #????????????????????????????????????????????????? | | #????????????????????????????????????????????????? | | #????????????????????????????????????????????????? | | #????????????????????????????????????????????????? | | #????????????????????????????????????????????????? | | #######+????##???????????????????????????????????? | | ???? ???????? ????????????????????????? | | ????? ???? ? ????????????????????????? | | ??????? ??? ?????????????????????????? | | ????????"%" ?????????????????????????? | | ?????????? ??????????????????????????? | | #######+#####????####K#####??????????????????????? | | #?#* #????# w hxx !#??????????????????????? | | #?# """ #????#p"""" @#??????????????????????? | | #?# ! """ #????# "" ""lk#??????????????????????? | | #?# """ ######l"""!gk!#??????????????????????? | | ### + + !gg!%#??????????????????????? | | "## """ ###### """!!!=#??????????????????????? | | + + """ #????# """""m/#??????????????????????? | | ### """ #????#g""" !!*#??????????????????????? | | #?# #????# !!*=#??????????????????????? | | #?##########????##########??????????????????????? | | #???????????????????????????????????????????????? | | #???????????????????????????????????????????????? | | ##???????????????????????????????????????????????? | | ?????????????????????????????????????????????????? | | ?????????????????????????????????????????????????? | | ?????????????????????????????????????????????????? | | ?????????????????????????????????????????????????? | | ?????????????????????????????????????????????????? | | ?????????????????????????????????????????????????? | | ?????????????????????????????????????????????????? | | ?????????????????????????????????????????????????? | | ?????????????????????????????????????????????????? | | ?????????????????????????????????????????????????? | | ?????????????????????????????????????????????????? | | ?????????????????????????????????????????????????? | | ?????????????????????????????????????????????????? | +----------------------------------------------------+ Best States ------------- Heat Dissipation 120 Coolant Potential 65 Energy Generation 56 Energy Capacity 790 Matter Stores 300 Matter Capacity 300 Sight Range 22 Robot Scan Range 20 Terrain Scan Range 16 Terrain Scan Density 10 Cloak Strength 2 Base Temperature (-) 200 EM Shielding 2 Armor Coverage 950 Utility Shielding 66 Weapon Shielding 33 Weapon Cycling 20 Evasion (%) 50 Melee Accuracy 8 Target Analysis 9 Recoil Reduction 2 Salvage Targeting 4 Offensive Hacking 14 Defensive Hacking 12 Item Schematics ----------------- Spk. Treads | -8/Scraptown | Extrapolated 0b10 Decoder Chip [Skirmisher] | -8/Scraptown | Extrapolated 0b10 Decoder Chip [Generic] | -6/Factory | Extrapolated 0b10 Decoder Chip [Scout] | -6/Factory | Extrapolated Mak. Leg | -6/Factory | Extrapolated Mak. Laser | -6/Factory | Extrapolated Hvy. Beamcaster | -6/Factory | Extrapolated Spk. Medium Treads | -6/Factory | Extrapolated Beamcaster | -6/Factory | Extrapolated Mak. Coolant Network | -6/Factory | Extrapolated Machine Rigger | -6/Factory | Extrapolated Barrage Gun | -6/Factory | Extrapolated Mak. Light Armor Plating | -6/Factory | Extrapolated Energy Deflector | -6/Factory | Extrapolated CPS Tube | -6/Factory | Scanalyzed Imp. Cooling System | -6/Factory | Scanalyzed 0b10 Decoder Chip [Looter] | -6/Factory | Extrapolated Tactical Coordination Suite | -6/Factory | Extrapolated Ripper | -6/Factory | Extrapolated Mak. Trap Scanner | -6/Factory | Extrapolated Cloaking Device | -6/Factory | Scanalyzed Slug Cannon | -6/Factory | Extrapolated Bore Cannon | -6/Factory | Extrapolated Mak. Medium Armor Plating | -6/Lower Caves | Extrapolated Mak. Thermal Plating | -6/Lower Caves | Extrapolated Mak. Ablative Armor | -6/Lower Caves | Extrapolated Mak. System Restoration Module | -6/Lower Caves | Extrapolated Combat Drone Bay | -6/Data Miner | Free Lgt. Regenerative Plating | -6/Data Miner | Free Enh. Flexi-carbon Leg | -6/Data Miner | Free Imp. Matter Compressor | -6/Data Miner | Free Neutron Cannon | -6/Data Miner | Free Imp. Heavy Treads | -6/Data Miner | Free Heavy Servo Lattice | -6/Data Miner | Free Hyp. Mass Driver | -6/Data Miner | Free Adv. System Restoration Module | -6/Data Miner | Free Adv. Hardlight Generator | -6/Data Miner | Free Hyp. Railgun | -6/Data Miner | Free Imp. Fusion Compressor | -6/Data Miner | Free Antigrav Array | -6/Data Miner | Free Mak. Hacking Suite | -5/Factory | Extrapolated Hvy. Battle Rifle | -5/Extension | Extrapolated Robot Schematics ------------------ P-60 Hacker | -6/Data Miner | Free L-41 Fighter | -6/Data Miner | Free G-50 Soldier | -6/Data Miner | Free B-48 Gladiator | -6/Data Miner | Free Fabricated ------------ Lgt. Regenerative Plating | x1 | -5/Factory Alien Tech Used ----------------- None Achievements -------------- Main Advantage Overkill Challenges ------------ None Game ------ Seed CarbideResetRipper Manual? 0 Play Time 04:38:59 Cumulative 237.4 hours Start 2024.09.06 @ 21:30:44 End 2024.09.07 @ 18:19:41 Sessions 3 Manual Loads 0 Difficulty Rogue Special Mode None Game No. 201 Rogue 201 Adventurer 0 Explorer 0 Win Type - Total 1 Types 0/0/0/1/0/0/0/0/0 Lore% 66 Gallery% 74 Achievement% 55 Wizard Run 0 Options --------- Layout 2 ASCII 0 Keyboard 1 Movement Vi Keybinds 0 Fullscreen 1 Font 32/SmallcapsGlow Map View 77x44 Zoom Use 0% Tactical HUD 1 Map Filters NONE Filters NONE Steam 1 RUN: 1e78cd36-7ece-48db-9019-21f4d7ab9a1c